 Dungeon Crawl Stone Soup version 0.30-a0-414-gcb316572d5 (webtiles) character file.

Game seed: 16969661453939108666

62 cforsyth the Chopper (level 4, 0/41 HPs)
             Began as a Hill Orc Monk on Dec 7, 2022.
             Slain by a black bear (1 damage)
             ... on level 2 of the Dungeon.
             The game lasted 00:02:04 (1070 turns).

cforsyth the Chopper (Hill Orc Monk)                Turns: 1070, Time: 00:02:06

Health: 0/41       AC:  2    Str: 15    XL:     4   Next: 8%
Magic:  4/4        EV: 12    Int: 10    God:
Gold:   77         SH:  0    Dex: 13    Spells: 3/3 levels left

rFire   . . .      SeeInvis .    a - +0 hand axe
rCold   . . .      Faith    .    (no shield)
rNeg    . . .      Spirit   .    b - +0 robe
rPois   .          Reflect  .    (no helmet)
rElec   .          Harm     .    (no cloak)
rCorr   .          Rampage  .    (no gloves)
Will    .....                    (no boots)
Stlth   ++........               (no amulet)
HPRegen 0.26/turn                (no ring)
MPRegen 0.09/turn                (no ring)

@: no status effects
A: no striking features
a: no special abilities


You were on level 2 of the Dungeon.
You visited 1 branch of the dungeon, and saw 2 of its levels.

You collected 77 gold pieces.

Inventory:

Hand Weapons
 a - a +0 hand axe (weapon)
Armour
 b - a +0 robe (worn)
Scrolls
 d - 4 scrolls of identify {unknown}
 f - a scroll of noise {unknown}
 h - a scroll of immolation {unknown}
Potions
 c - a potion of ambrosia
 e - a potion of degeneration {unknown}
 g - 2 potions of resistance {unknown}
 i - a potion of attraction {unknown}
 j - a potion of might {unknown}
 k - a potion of lignification {unknown}


   Skills:
 + Level 4.4 Fighting
 + Level 5.0 Axes
 + Level 2.1 Armour
 - Level 2.4 Dodging
 - Level 1.5 Stealth


You had 3 spell levels left.
You didn't know any spells.
Your spell library was empty.

Dungeon Overview and Level Annotations

Branches:
Dungeon (2/15)

Altars:

Shops:
D:1 [


Message History

You hit the hobgoblin.
You kill the hobgoblin!
No target in view!
No target in view!
No target in view!
No target in view!
No target in view!
No target in view!
d - 4 scrolls labelled ARCHIH ASI ZOISCH (gained 3)
A kobold and a worm come into view.
A black bear comes into view.
The helpless kobold fails to defend itself.
You hit the kobold.
The kobold is severely wounded.
You hit the black bear. The black bear bites you! The black bear claws you.
The black bear barely misses you. The kobold hits you but does no damage.
You hit the kobold.
You kill the kobold!
You hit the black bear. The black bear bites you!
The black bear closely misses you. The black bear claws you.
The black bear closely misses you. The black bear claws you. x2
Your Axes skill increases to level 5!
You are too injured to fight recklessly!
You are too injured to fight recklessly!
Unknown command.
The black bear attacks as you move away!
The black bear misses you. The black bear claws you.
The black bear barely misses you.
The black bear attacks as you move away!
The black bear bites you.
* * * LOW HITPOINT WARNING * * *
The black bear closely misses you.
The black bear claws you but does no damage.
The black bear attacks as you move away!
The black bear bites you.
* * * LOW HITPOINT WARNING * * *
The black bear claws you.
* * * LOW HITPOINT WARNING * * *
The black bear claws you.
You die...

....# #.. #.....# ....#
#...#####.####
.)..#######... ###....#
####.....##...# #..w.#.#
#...........##....# #
####................†#
...................###
.........####...h.^+
....######......@..#
.......# #...###'###
.......# #...###'#########+#
.......###..................
............................
####........†............[..
#.........†..............
#........................
#.....<..........#######.


You could see a black bear and a worm.

Vanquished Creatures
  An adder (D:2)
  4 dart slugs
  6 bats (D:1)
  3 endoplasms (D:1)
  4 giant cockroaches
  3 goblins (D:1)
  4 hobgoblins
  2 jackals (D:1)
  2 quokkas
  5 ball pythons
  3 kobolds
  4 rats (D:1)
41 creatures vanquished.

Notes
Turn   | Place    | Note
-------+----------+-------------------------------------------
     0 | D:1      | cforsyth the Hill Orc Monk began the quest for the Orb.
     0 | D:1      | Reached XP level 1. HP: 19/19 MP: 1/1
   161 | D:1      | Reached XP level 2. HP: 19/27 MP: 2/2
   215 | D:1      | Reached skill level 1 in Armour
   441 | D:1      | Found Kipamm's Antique Armour Emporium.
   456 | D:1      | Reached XP level 3. HP: 33/33 MP: 3/3
  1031 | D:2      | Reached XP level 4. HP: 39/41 MP: 4/4
  1058 | D:2      | Noticed a black bear
  1062 | D:2      | Reached skill level 5 in Axes
  1070 | D:2      | HP: 1/41 [black bear (4)]
  1070 | D:2      | Slain by a black bear

Illustrated notes

Levels and vault maps discovered:
D:1:      ebering_trefoil_3fold, layout_basic, serial_shops, shop
D:2:      layout_basic

Skill      XL: |  1  2  3  4 |
---------------+-------------+-----
Armour         | 1 2 |  2.1
Fighting       | 4 |  4.4
Axes           | 5 |  5.0
Dodging        | |  2.4
Stealth        | |  1.5

Action                   |  1- 3 |  4- 6 || total
-------------------------+-------+-------++-------
Melee: Hand axe          |   112 |     5 ||   117
       Punch             |     2 |       ||     2
 Stab: Sleeping          |     3 |     2 ||     5
Armor: Robe              |    22 |     2 ||    24
Dodge: Dodged            |    73 |     6 ||    79

Table legend: (Time is in decaauts)
 A = Elapsed time spent in this place.
 B = Non-inter-level travel time spent in this place.
 C = Inter-level travel time spent in this place.
 D = Time resting spent in this place.
 E = Time spent auto-exploring this place.
 F = Levels seen in this place.
 G = Mean time per level.
                   A        B        C        D        E       F      G
               +--------+--------+--------+--------+--------+-----+--------+
         Total |   1078 |   1054 |     24 |      0 |    799 |   2 |  539.0 |
       Dungeon |   1078 |   1054 |     24 |      0 |    799 |   2 |  539.0 |
               +--------+--------+--------+--------+--------+-----+--------+

Top non-repeatable levels by time:
     D:1: 872 daAuts
     D:2: 205 daAuts
